 Dungeon Crawl Stone Soup version 0.32-a0-779-g362cfcae2a (webtiles) character file.

Game seed: 1719035568115039292

133 hikkokomori the Covered (level 4, 0/40 HPs)
             Began as a Mountain Dwarf Fighter on Mar 19, 2024.
             Slain by Natasha (6 damage)
             ... on level 3 of the Dungeon.
             The game lasted 00:03:15 (1949 turns).

hikkokomori the Covered (Mountain Dwarf Fighter)    Turns: 1949, Time: 00:03:15

Health: 0/40       AC:  8    Str: 18    XL:     4   Next: 94%
Magic:  5/5        EV:  8    Int: 11    God:
Gold:   164        SH:  4    Dex:  9    Spells: 5/5 levels left

rFire   . . .        a - +0 war axe
rCold   . . .        c - +0 buckler
rNeg    . . .        b - +1 scale mail
rPois   .            (no helmet)
rElec   .            (no cloak)
rCorr   .            (no gloves)
SInv    .            (no boots)
Will    .....        (no amulet) Stlth
                     (no ring)
HPRegen 0.26/turn    (no ring)
MPRegen 0.09/turn

%: no passive effects
@: slowed, very slow
A: runic magic, artefact enchanting
a: no special abilities


You were on level 3 of the Dungeon.
You visited 1 branch of the dungeon, and saw 3 of its levels.

You collected 164 gold pieces.

Inventory:

Hand Weapons
 a - a +0 war axe (weapon)
Armour
 b - a +1 scale mail (worn)
 c - a +0 buckler (worn)
Jewellery
 j - a ring of ice
 l - a +4 ring of slaying
Scrolls
 g - a scroll of noise
 k - a scroll of vulnerability
Potions
 d - a potion of might
 e - 3 potions of curing
 f - a potion of ambrosia
 i - a potion of heal wounds
 m - 2 potions of attraction {unknown}
 n - a potion of enlightenment {unknown}


   Skills:
 + Level 4.0 Fighting
 + Level 3.5 Axes
 + Level 4.1 Armour
 + Level 4.1 Shields
 + Level 1.1 Spellcasting


You had 5 spell levels left.
You didn't know any spells.
Your spell library contained the following spells:

 Spells                   Type           Power      Damage    Failure   Level
 Scorch                   Fire           0%         2d5       63%         2
 Flame Wave               Conj/Fire      0%         2d4       99%         4
 Summon Cactus Giant      Summ           0%         N/A       100%        6


Dungeon Overview and Level Annotations

Branches:
Dungeon (3/15)

Altars:

Shops:
D:1 =

Annotations:
D:3 Natasha


Innate Abilities, Weirdness & Mutations

Your spellcasting is much less encumbered by armour.
You can use scrolls of enchantment on lesser artefacts.


Message History

The cerulean imp hits you from afar with a +1 spear.
The cerulean imp hits you but does no damage.
You closely miss the cerulean imp.
The cerulean imp is almost dead.
The cerulean imp hits you but does no damage. x3
You miss the cerulean imp.
The cerulean imp is almost dead.
The cerulean imp hits you with a +2 spear.
The cerulean imp hits you but does no damage.
The cerulean imp barely misses you.
The cerulean imp hits you but does no damage.
You closely miss the cerulean imp.
The cerulean imp is almost dead.
The cerulean imp disappears in a puff of smoke!
You block the cerulean imp's attack.
The cerulean imp hits you from afar with a +1 spear.
Natasha claws you but does no damage. The cerulean imp closely misses you.
The cerulean imp hits you but does no damage.
You closely miss Natasha.
Natasha stares at you and mumbles some strange words.
You feel yourself slow down.
The cerulean imp hits you but does no damage.
The cerulean imp hits you from afar with a +1 spear.
You hit Natasha.
Natasha is moderately wounded.
Natasha claws you but does no damage.
The cerulean imp hits you but does no damage.
The cerulean imp barely misses you. Natasha claws you.
* * * LOW HITPOINT WARNING * * *
The cerulean imp hits you but does no damage.
The cerulean imp completely misses you.
You hit Natasha.
Natasha is heavily wounded.
The cerulean imp disappears in a puff of smoke!
Natasha claws you.
* * * LOW HITPOINT WARNING * * *
The cerulean imp hits you but does no damage.
Natasha claws you.
You die...
Natasha curls up and begins to purr.

#..... ####.# #.# #.#
#### #.#
..##########.# #
..##.. ...##.#
#5#####.##.####.##.#
#.h@.##.##.##......#
#ยง##.##.##.##.#.####
#.##..........#.#
#.......##......#
#.......#########
#########


You could see Natasha and a cerulean imp (summoned).

Vanquished Creatures
  A sleepcap (D:3)
  4 gnolls (D:2)
  An adder (D:2)
  A shadow imp (D:3)
  A dart slug (D:3)
  2 ribbon worms
  5 ball pythons
  4 endoplasms
  3 giant cockroaches
  6 goblins
  5 hobgoblins
  2 jackals (D:1)
  A kobold (D:1)
  A quokka (D:2)
  4 bats
  6 rats
47 creatures vanquished.

Notes
Turn   | Place    | Note
-------+----------+-------------------------------------------
     0 | D:1      | hikkokomori the Mountain Dwarf Fighter began the quest for
                  | the Orb.
     0 | D:1      | Reached XP level 1. HP: 19/19 MP: 1/1
   256 | D:1      | Reached XP level 2. HP: 26/26 MP: 2/2
   608 | D:1      | Found Qohiydemo's Jewellery Shop.
  1044 | D:2      | Reached XP level 3. HP: 33/33 MP: 3/3
  1560 | D:2      | Reached XP level 4. HP: 24/40 MP: 3/5
  1732 | D:3      | Reached skill level 1 in Spellcasting
  1931 | D:3      | Noticed Natasha
  1949 | D:3      | Slain by Natasha

Illustrated notes

Levels and vault maps discovered:
D:1:      lightli_arrival_flooded_house, layout_basic, serial_shops, shop,
          patterned_corridor
D:2:      layout_rooms
D:3:      layout_loops_cross, kennysheep_doodads, grunt_ministairs_2,
          uniq_natasha

Skill      XL: |  1  2  3  4 |
---------------+-------------+-----
Axes           | 3 |  3.5
Shields        | 4 |  4.1
Armour         | 4 |  4.1
Spellcasting   | 1 |  1.1
Fighting       | 4 |  4.0

Action                     |  1- 3 |  4- 6 || total
---------------------------+-------+-------++-------
  Melee: War axe           |    92 |    36 ||   128
    Use: Scroll            |     5 |     1 ||     6
         Potion            |       |     1 ||     1
 Armour: Scale mail        |    99 |    67 ||   166
  Dodge: Dodged            |    56 |    25 ||    81
  Block: Buckler           |    26 |     9 ||    35

Table legend: (Time is in decaauts)
 A = Elapsed time spent in this place.
 B = Non-inter-level travel time spent in this place.
 C = Inter-level travel time spent in this place.
 D = Time resting spent in this place.
 E = Time spent auto-exploring this place.
 F = Levels seen in this place.
 G = Mean time per level.
                   A        B        C        D        E       F      G
               +--------+--------+--------+--------+--------+-----+--------+
         Total |   2000 |   1944 |     56 |    346 |   1254 |   3 |  666.7 |
       Dungeon |   2000 |   1944 |     56 |    346 |   1254 |   3 |  666.7 |
               +--------+--------+--------+--------+--------+-----+--------+

Top non-repeatable levels by time:
     D:1: 1002 daAuts
     D:2: 717 daAuts
     D:3: 280 daAuts
